 Dungeon Crawl Stone Soup version 0.31-a0-174-g85c54bcb58 (webtiles) character file.

Game seed: 5172861390512460610

26397 qw the Marksgargoyle (level 13, -2/84 HPs)
             Began as a Gargoyle Hunter on June 15, 2023.
             Was an Elder of Okawaru.
             Slain by a komodo dragon (18 damage)
             ... on level 4 of the Lair of Beasts.
             The game lasted 00:06:45 (11755 turns).

qw the Marksgargoyle (Gargoyle Hunter)             Turns: 11755, Time: 00:06:45

Health: -2/84      AC: 24    Str: 15    XL:     13   Next: 25%
Magic:  19/19      EV: 14    Int: 14    God:    Okawaru [****..]
Gold:   643        SH:  0    Dex: 17    Spells: 12/12 levels left

rFire   . . .        Y - +2 arbalest
rCold   + . .        (shield currently unavailable)
rNeg    + . .        k - +0 troll leather armour
rPois   inf          d - +1 helmet
rElec   +            e - +1 cloak
rCorr   .            m - +0 pair of gloves
SInv    +            i - +3 pair of boots of the Poles {Int+3}
Will    .....        o - amulet of the acrobat
Stlth   ++           p - ring of see invisible
HPRegen 1.14/turn    j - ring of protection from cold
MPRegen 0.16/turn

%: acrobat
@: no status effects
A: sickness immunity, AC +9, negative energy resistance 1, electricity
resistance, torment resistance 1, petrification resistance
a: Renounce Religion, Heroism, Finesse


You were on level 4 of the Lair of Beasts.
You worshipped Okawaru.
Okawaru was greatly pleased with you.
You visited 3 branches of the dungeon, and saw 16 of its levels.

You collected 875 gold pieces.
You spent 232 gold pieces at shops.


Innate Abilities, Weirdness & Mutations

You are immune to sickness and miasma.
Your stone body is resilient. (AC +9)
You are immune to poison.
You resist negative energy. (rN+)
You are resistant to electric shocks. (rElec)
You are resistant to unholy torment.
You are immune to petrification.


   Skills:
 - Level 11.0 Fighting
 + Level 16.3 Ranged Weapons
 - Level 6.0 Armour
 - Level 5.2 Dodging
 - Level 1.1 Stealth
 + Level 9.2 Invocations


You had 12 spell levels left.
You didn't know any spells.
Your spell library was empty.

Inventory:

Hand Weapons
 Y - a +2 arbalest (weapon)
Armour
 c - the +2 robe "Esupn" {rF- rCorr Str+2 SInv}
   (You found it on level 8 of the Dungeon)

   Str:       It affects your strength (+2).
   rF:        It makes you vulnerable to fire.
   SInv:      It lets you see invisible.
   rCorr:     It protects you from acid and corrosion.
 d - a +1 helmet (worn)
 e - a +1 cloak (worn)
 i - the +3 pair of boots of the Poles (worn) {Int+3}
   (You acquired it on level 1 of the Lair of Beasts)

   Int:       It affects your intelligence (+3).
 k - a +0 troll leather armour (worn)
 m - a +0 pair of gloves (worn)
Jewellery
 g - an amulet of guardian spirit
 j - a ring of protection from cold (right hand)
 o - an amulet of the acrobat (around neck)
 p - a ring of see invisible (left hand)
Scrolls
 n - 8 scrolls of identify
Potions
 a - a potion of might
 b - 2 potions of magic
 f - 5 potions of attraction
 h - 3 potions of lignification
 l - 2 potions of resistance
 r - a potion of haste

Dungeon Overview and Level Annotations

Branches:
Dungeon (11/15)            Temple (1/1) D:6            Lair (4/5) D:11
 Shoals (0/4) Lair:2       Spider (0/4) Lair:2          Orc (0/2) D:9
  Slime: Lair:4-5

Altars:
Ashenzari
Cheibriados
Dithmenos
Elyvilon
Fedhas
Gozag
Hepliaklqana
Kikubaaqudgha
Makhleb
Nemelex Xobeh
Okawaru
Qazlal
Ru
Sif Muna
Trog
Uskayaw
Vehumet
Wu Jian
Xom
Yredelemnul
Zin
The Shining One
Jiyva

Shops:
D:1 [   D:2 (*[=!   D:4 *   D:5 **   D:8 [


Message History

The komodo dragon bites you! The dream sheep misses you.
You shoot a bolt.
The bolt hits the dream sheep but does no damage.
The komodo dragon bites you!!
You shoot a bolt. The bolt hits the dream sheep!
The dream sheep is moderately wounded.
The komodo dragon closely misses you.
The dream sheep bites you but does no damage.
You shoot a bolt. The bolt hits the dream sheep!!
You kill the dream sheep!
Okawaru accepts your kill. The komodo dragon bites you!
The dream sheep completely misses you.
You shoot a bolt. The bolt hits the dream sheep!
The dream sheep is heavily wounded.
The komodo dragon bites you but does no damage.
The dream sheep misses you.
The dream sheep bites you but does no damage.
You shoot a bolt. The bolt hits the dream sheep.
The dream sheep is heavily wounded.
The komodo dragon closely misses you. The dream sheep misses you.
The dream sheep bites you!
You shoot a bolt. The bolt hits the dream sheep!
You kill the dream sheep!
Okawaru accepts your kill.
The komodo dragon bites you but does no damage.
The dream sheep bites you but does no damage.
You shoot a bolt. The bolt hits the komodo dragon!!
The komodo dragon is heavily wounded.
The komodo dragon barely misses you.
The dream sheep bites you but does no damage.
You shoot a bolt.
The bolt hits the komodo dragon but does no damage.
The komodo dragon is heavily wounded.
The komodo dragon closely misses you.
The dream sheep bites you but does no damage.
You shoot a bolt.
The bolt barely misses the komodo dragon.
You feel like a meek peon again. The komodo dragon bites you!!
You die...

## ....## #. ..... ..
.... +h %}.# .. #l
...#.#. ..
#Y#.......###.#.
#lY%...# #.....
#@#+### ..#.##
###....###....#
.#......##.%...###.
.....}.<.}.#.........
...........#..........
......#.}.##..<^......
......#.#.#...........
###.....##...##.......
#...P.##.### .......


You could see 2 komodo dragons, a black bear and 2 dream sheep.

Vanquished Creatures
  A hydra (Lair:4)
  5 two-headed ogres
  A boulder beetle (D:11)
  A wolf spider (Lair:2)
  A cyclops (D:8)
  A merfolk siren (Lair:2)
  4 elephants (Lair:1)
  Maurice (D:9)
  A torpor snail (Lair:2)
  9 cane toads
  5 kobold demonologists
  3 rime drakes (Lair:1)
  4 komodo dragons
  Grinder (D:5)
  3 trolls
  2 polar bears
  5 dream sheep (Lair:4)
  Eustachio (D:5)
  24 yaks
  3 basilisks
  4 wyverns
  Grum (D:8)
  4 steam dragons
  A warg (D:9)
  6 water moccasins
  4 orc warriors
  A black bear (D:6)
  An ice beast (D:5)
  12 wolves
  2 centaurs
  2 ogres
  2 phantoms
  2 gnoll sergeants
  11 bullfrogs
  9 kobold brigands
  A scorpion (D:5)
  10 wights
  3 howler monkeys
  3 electric eels (Lair:2)
  5 jellies
  5 hounds
  6 orc priests
  2 gnoll boudas
  4 iguanas
  2 sleepcaps (D:6)
  8 orc wizards
  19 gnolls
  6 adders
  A white imp (D:7)
  A worm (D:3)
  A dart slug (D:5)
  27 orcs
  11 bats
  2 endoplasms
  4 giant cockroaches
  6 goblins
  4 hobgoblins
  9 jackals
  41 kobolds
  3 quokkas
  4 ball pythons
  4 frilled lizards
  3 rats
333 creatures vanquished.

Notes
Turn   | Place    | Note
-------+----------+-------------------------------------------
     0 | D:1      | qw the Gargoyle Hunter began the quest for the Orb.
     0 | D:1      | Reached XP level 1. HP: 12/12 MP: 1/1
     0 | D:1      | 0 ||| qw: Version: 0.2-a-29-g511e9b1
     0 | D:1      | 0 ||| qw: Game counter: 5373
     0 | D:1      | 0 ||| qw: Always use a shield: true
     0 | D:1      | 0 ||| qw: God list: Okawaru
     0 | D:1      | 0 ||| qw: Allow faded altars: false
     0 | D:1      | 0 ||| qw: Do Orc after D:15 true
     0 | D:1      | 0 ||| qw: Do second Lair branch before Depths: true
     0 | D:1      | 0 ||| qw: Lair rune preference: random
     0 | D:1      | 0 ||| qw: Plans: Normal, Zot:1-4, Slime:5, God:TSO, Crypt,
                  | Tomb, Abyss, Pan, Hells, Win
     0 | D:1      | 0 ||| PLANNING D:1-11
   157 | D:1      | Reached XP level 2. HP: 17/17 MP: 2/2
   333 | D:1      | Found Ubletz's Armour Emporium.
   339 | D:1      | 339 ||| SHOPLISTING +2 leather armour of poison resistance
                  | (176 gold, have 37).
   534 | D:1      | 534 ||| UPGRADING to +1 helmet.
   539 | D:1      | 539 ||| READING scroll labelled AXTEGHI QAOGITS.
   540 | D:1      | 540 ||| DROPPING scroll of butterflies.
   582 | D:2      | Reached XP level 3. HP: 17/21 MP: 3/3
   593 | D:2      | Reached skill level 5 in Ranged Weapons
   684 | D:2      | Found Uno Caics's Jewellery Boutique.
   773 | D:2      | Found Haukis's Distillery.
   786 | D:2      | 786 ||| SHOPLISTING 2 potions of magic (176 gold, have 48).
   786 | D:2      | 786 ||| BUYING potion of curing (33 gold).
   786 | D:2      | Bought a potion of curing for 33 gold pieces
   786 | D:2      | 786 ||| SHOPLISTING potion of curing (33 gold, have 15).
   861 | D:2      | Reached skill level 3 in Fighting
   868 | D:2      | Reached XP level 4. HP: 25/28 MP: 4/4
   882 | D:2      | Found Ywabluga's Assorted Antiques.
   895 | D:2      | 895 ||| SHOPLISTING 2 scrolls labelled QANWUIG KOIDOB (42
                  | gold, have 15).
   895 | D:2      | 895 ||| SHOPLISTING bubbling emerald potion (18 gold, have
                  | 15).
   895 | D:2      | 895 ||| SHOPLISTING potion of curing (63 gold, have 15).
   895 | D:2      | 895 ||| SHOPLISTING ring mail (84 gold, have 15).
   895 | D:2      | 895 ||| SHOPLISTING scroll labelled DEIHIGR ZOINO (21 gold,
                  | have 15).
   895 | D:2      | 895 ||| SHOPLISTING scroll labelled MIOXKUBY KULL (21 gold,
                  | have 15).
   895 | D:2      | 895 ||| SHOPLISTING scroll labelled TOAHEOGHAJ (21 gold,
                  | have 15).
   895 | D:2      | 895 ||| SHOPLISTING scroll of identify (42 gold, have 15).
   895 | D:2      | 895 ||| SHOPLISTING white potion (18 gold, have 15).
   933 | D:2      | Found Coeraqu's Armour Shoppe.
   958 | D:2      | 958 ||| SHOPLISTING +4 ring of protection (432 gold, have
                  | 17).
   958 | D:2      | 958 ||| SHOPLISTING +6 ring of strength (432 gold, have
                  | 17).
   958 | D:2      | 958 ||| SHOPLISTING amulet "Comeo" {Reflect +Blink rElec
                  | Int+5 SH+5} (738 gold, have 17).
   958 | D:2      | 958 ||| SHOPLISTING ring of positive energy (240 gold, have
                  | 17).
   958 | D:2      | 958 ||| SHOPLISTING ring of resist corrosion (240 gold,
                  | have 17).
   958 | D:2      | 958 ||| SHOPLISTING ring of see invisible (180 gold, have
                  | 17).
   958 | D:2      | 958 ||| SHOPLISTING ring of willpower (300 gold, have 17).
  1096 | D:2      | Found Vangiki's Weapon Emporium.
  1156 | D:2      | 1156 ||| SHOPLISTING +0 pair of gloves (54 gold, have 17).
  1156 | D:2      | 1156 ||| SHOPLISTING +1 cloak "Destreite" {Rampage} (198
                  | gold, have 17).
  1156 | D:2      | 1156 ||| SHOPLISTING +3 leather armour of willpower (288
                  | gold, have 17).
  1156 | D:2      | 1156 ||| SHOPLISTING +4 ring mail "Xeuc" {rC+ rCorr} (523
                  | gold, have 17).
  1258 | D:2      | 1258 ||| UPGRADING to +0 ring mail.
  1268 | D:2      | 1268 ||| DROPPING +0 leather armour.
  1269 | D:2      | 1269 ||| UPGRADING to +0 cloak.
  1274 | D:2      | 1274 ||| UPGRADING to amulet of guardian spirit.
  1279 | D:2      | 1279 ||| READING scroll labelled SOIRYW ZUT KAPSIED.
  1280 | D:2      | 1280 ||| READING scroll labelled MIOXKUBY KULL.
  1285 | D:2      | 1285 ||| DRINKING 2 fizzy grey potions.
  1359 | D:3      | Reached skill level 1 in Armour
  1364 | D:3      | Reached XP level 5. HP: 32/32 MP: 5/5
  1397 | D:3      | Found a sacrificial altar of Ru.
  1556 | D:3      | Found a faded altar of an unknown god.
  1617 | D:3      | Found a shimmering blue altar of Sif Muna.
  1691 | D:3      | 1691 ||| READING scroll labelled TOAHEOGHAJ.
  1692 | D:3      | 1692 ||| READING scroll labelled DEIHIGR ZOINO.
  1693 | D:3      | 1693 ||| DRINKING 2 black potions.
  1743 | D:4      | Reached skill level 6 in Ranged Weapons
  1776 | D:4      | Noticed a phantom
  1788 | D:4      | Killed a phantom
  1789 | D:4      | Reached XP level 6. HP: 19/39 MP: 3/6
  2025 | D:4      | Found Ommupu's General Store.
  2030 | D:4      | 2030 ||| BUYING potion of curing (30 gold).
  2030 | D:4      | Bought a potion of curing for 30 gold pieces
  2030 | D:4      | 2030 ||| BUYING scroll of teleportation (30 gold).
  2030 | D:4      | Bought a scroll of teleportation for 30 gold pieces
  2250 | D:4      | 2250 ||| READING 2 scrolls of identify.
  2250 | D:4      | 2250 ||| IDENTIFYING sedimented white potion
  2251 | D:4      | 2251 ||| DROPPING potion of brilliance.
  2268 | D:5      | Entered Level 5 of the Dungeon
  2337 | D:5      | Found Ronexocwea's Assorted Antiques.
  2351 | D:5      | Reached skill level 7 in Ranged Weapons
  2351 | D:5      | Reached XP level 7. HP: 27/44 MP: 3/7
  2419 | D:5      | 2419 ||| BUYING curved iron wand (112 gold).
  2419 | D:5      | Bought a curved iron wand for 112 gold pieces
  2419 | D:5      | 2419 ||| SHOPLISTING dented emerald amulet (140 gold, have
                  | 18).
  2419 | D:5      | 2419 ||| SHOPLISTING scroll labelled JACEIXTEYCI (28 gold,
                  | have 18).
  2419 | D:5      | 2419 ||| SHOPLISTING scroll of identify (56 gold, have 18).
  2419 | D:5      | Found a glowing golden altar of the Shining One.
  2458 | D:5      | HP: 11/44 [howler monkey (1)]
  2459 | D:5      | 2459 ||| READING 2 scrolls of teleportation.
  2459 | D:5      | Noticed Eustachio
  2460 | D:5      | 2460 ||| DRINKING potion of heal wounds.
  2509 | D:5      | Reached skill level 8 in Ranged Weapons
  2521 | D:5      | Found a shadowy altar of Dithmenos.
  2570 | D:5      | Reached XP level 8. HP: 33/50 MP: 8/8
  2638 | D:5      | HP: 12/50 [bat[Eustachio] (1)]
  2639 | D:5      | 2639 ||| READING 2 scrolls of teleportation.
  2697 | D:5      | 2697 ||| FLEEEEING.
  2698 | D:5      | 2698 ||| FLEEEEING.
  2699 | D:5      | 2699 ||| FLEEEEING.
  2700 | D:5      | 2700 ||| STAIRDANCE
  2773 | D:4      | 2773 ||| READING 2 scrolls of identify.
  2773 | D:4      | 2773 ||| IDENTIFYING fuming golden potion
  2774 | D:4      | 2774 ||| DROPPING wand of polymorph (5).
  2842 | D:5      | 2842 ||| FLEEEEING.
  2843 | D:5      | 2843 ||| FLEEEEING.
  2845 | D:5      | 2845 ||| FLEEEEING.
  2875 | D:5      | 2875 ||| FLEEEEING.
  2884 | D:5      | 2884 ||| STAIRDANCE
  2888 | D:4      | 2888 ||| READING 2 scrolls of identify.
  2888 | D:4      | 2888 ||| IDENTIFYING sedimented clear potion
  2889 | D:4      | 2889 ||| DROPPING potion of degeneration.
  2897 | D:5      | Found Nirph's Assorted Antiques.
  2906 | D:5      | 2906 ||| BUYING bubbling emerald potion (27 gold).
  2906 | D:5      | Bought a bubbling emerald potion for 27 gold pieces
  2906 | D:5      | 2906 ||| SHOPLISTING glowing hat (217 gold, have 6).
  2906 | D:5      | 2906 ||| SHOPLISTING pair of gloves (139 gold, have 6).
  2906 | D:5      | 2906 ||| SHOPLISTING scroll labelled YNUNUC QEXO (31 gold,
                  | have 6).
  3028 | D:5      | Noticed Grinder
  3048 | D:5      | Killed Grinder
  3163 | D:5      | Killed Eustachio
  3164 | D:5      | Reached skill level 9 in Ranged Weapons
  3263 | D:5      | 3263 ||| READING scroll labelled JACEIXTEYCI.
  3264 | D:5      | 3264 ||| READING 2 scrolls of identify.
  3264 | D:5      | 3264 ||| IDENTIFYING bubbling emerald potion
  3265 | D:5      | 3265 ||| DROPPING potion of enlightenment.
  3366 | D:6      | Found a blossoming altar of Fedhas.
  3518 | D:6      | Reached skill level 6 in Fighting
  3637 | D:6      | 3637 ||| Stepping ~*~*~tactically~*~*~ (outnumbered).
  3643 | D:6      | Reached skill level 10 in Ranged Weapons
  3648 | D:6      | 3648 ||| DRINKING 4 potions of curing.
  3648 | D:6      | 3648 ||| (to cure confusion)
  3658 | D:6      | Reached skill level 3 in Armour
  3658 | D:6      | Reached XP level 9. HP: 41/55 MP: 5/9
  3663 | D:6      | 3663 ||| DRINKING 3 potions of curing.
  3663 | D:6      | 3663 ||| (to cure confusion)
  3664 | D:6      | 3664 ||| FLEEEEING.
  3665 | D:6      | 3665 ||| FLEEEEING.
  3666 | D:6      | 3666 ||| FLEEEEING.
  3667 | D:6      | 3667 ||| FLEEEEING.
  3668 | D:6      | 3668 ||| FLEEEEING.
  3669 | D:6      | 3669 ||| FLEEEEING.
  3671 | D:6      | 3671 ||| FLEEEEING.
  3681 | D:6      | 3681 ||| FLEEEEING.
  3682 | D:6      | 3682 ||| FLEEEEING.
  3683 | D:6      | 3683 ||| FLEEEEING.
  3684 | D:6      | 3684 ||| FLEEEEING.
  3685 | D:6      | 3685 ||| FLEEEEING.
  3689 | D:6      | 3689 ||| FLEEEEING.
  3690 | D:6      | 3690 ||| FLEEEEING.
  3691 | D:6      | 3691 ||| FLEEEEING.
  3692 | D:6      | 3692 ||| FLEEEEING.
  3693 | D:6      | 3693 ||| FLEEEEING.
  3695 | D:6      | 3695 ||| FLEEEEING.
  3696 | D:6      | 3696 ||| FLEEEEING.
  3697 | D:6      | 3697 ||| DRINKING 2 potions of curing.
  3697 | D:6      | 3697 ||| (to cure confusion)
  4046 | D:6      | Found a staircase to the Ecumenical Temple.
  4047 | D:6      | 4047 ||| PLANNING TEMPLE
  4047 | D:6      | 4047 ||| READING scroll labelled JELECO UDGHUEB.
  4048 | D:6      | 4048 ||| READING scroll labelled BEIMU SACUA.
  4059 | Temple   | Entered the Ecumenical Temple
  4069 | Temple   | 4069 ||| PLANNING OKAWARU WORSHIP
  4076 | Temple   | Became a worshipper of Warmaster Okawaru
  4077 | Temple   | 4077 ||| PLANNING D:1-11
  4077 | Temple   | 4077 ||| REMOVING amulet of guardian spirit.
  4082 | Temple   | 4082 ||| UPGRADING to amulet of the acrobat.
  4325 | D:7      | 4325 ||| UPGRADING to +0 orcbow.
  4326 | D:7      | 4326 ||| DROPPING +0 shortbow.
  4692 | D:7      | 4692 ||| Stepping ~*~*~tactically~*~*~ (outnumbered).
  4716 | D:7      | Reached skill level 11 in Ranged Weapons
  5148 | D:7      | 5148 ||| READING scroll labelled BUIGUYH XEBLOO.
  5149 | D:7      | 5149 ||| READING scroll labelled PABEFI ENIN.
  5150 | D:7      | 5150 ||| DRINKING 2 white potions.
  5151 | D:7      | 5151 ||| READING 4 scrolls of identify.
  5151 | D:7      | 5151 ||| IDENTIFYING orange potion
  5152 | D:7      | 5152 ||| READING 3 scrolls of identify.
  5152 | D:7      | 5152 ||| IDENTIFYING fizzy green potion
  5153 | D:7      | 5153 ||| READING 2 scrolls of identify.
  5153 | D:7      | 5153 ||| IDENTIFYING glowing purple potion
  5209 | D:8      | Reached skill level 3 in Dodging
  5377 | D:8      | Reached * piety under Okawaru
  5442 | D:8      | Reached skill level 1 in Invocations
  5451 | D:8      | 5451 ||| INVOKING Heroism.
  5592 | D:8      | Found an opulent altar of Gozag.
  5594 | D:8      | Noticed Grum
  5595 | D:8      | 5595 ||| INVOKING Heroism.
  5604 | D:8      | Reached XP level 10. HP: 64/64 MP: 8/12
  5608 | D:8      | Reached skill level 3 in Invocations
  5614 | D:8      | 5614 ||| INVOKING Heroism.
  5616 | D:8      | HP: 11/64 [Grum/-2 spear (8)]
  5617 | D:8      | 5617 ||| READING scroll of teleportation.
  5618 | D:8      | 5618 ||| DRINKING potion of heal wounds.
  5652 | D:8      | 5652 ||| FLEEEEING.
  5653 | D:8      | 5653 ||| FLEEEEING.
  5654 | D:8      | 5654 ||| FLEEEEING.
  5655 | D:8      | 5655 ||| FLEEEEING.
  5656 | D:8      | 5656 ||| FLEEEEING.
  5657 | D:8      | 5657 ||| FLEEEEING.
  5658 | D:8      | 5658 ||| FLEEEEING.
  5662 | D:8      | 5662 ||| FLEEEEING.
  5665 | D:8      | 5665 ||| FLEEEEING.
  5666 | D:8      | 5666 ||| FLEEEEING.
  5667 | D:8      | 5667 ||| FLEEEEING.
  5668 | D:8      | 5668 ||| FLEEEEING.
  5669 | D:8      | 5669 ||| FLEEEEING.
  5673 | D:8      | 5673 ||| STAIRDANCE
  5721 | D:7      | 5721 ||| READING scroll labelled RUCSUMA ORPHET YCSE.
  5724 | D:8      | 5724 ||| INVOKING Heroism.
  5729 | D:8      | Killed Grum
  5758 | D:8      | Identified the +2 robe "Esupn" {rF- rCorr Str+2 SInv}
  5926 | D:8      | Found Uheqisut's Armour Shop.
  5960 | D:8      | Noticed a cyclops
  5961 | D:8      | 5961 ||| INVOKING Heroism.
  5967 | D:8      | Killed a cyclops
  6029 | D:8      | 6029 ||| INVOKING Heroism.
  6085 | D:8      | 6085 ||| INVOKING Heroism.
  6095 | D:8      | Reached skill level 12 in Ranged Weapons
  6172 | D:8      | 6172 ||| UPGRADING to +2 robe "Esupn" {rF- rCorr Str+2
                  | SInv}.
  6182 | D:8      | 6182 ||| READING scroll labelled FADAVV CINU.
  6183 | D:8      | 6183 ||| READING scroll labelled QANWUIG KOIDOB.
  6320 | D:9      | Noticed a kobold demonologist
  6334 | D:9      | Killed a kobold demonologist
  6334 | D:9      | Reached ** piety under Okawaru
  6335 | D:9      | Noticed a kobold demonologist
  6349 | D:9      | Killed a kobold demonologist
  6366 | D:9      | 6366 ||| INVOKING Heroism.
  6383 | D:9      | Found a viscous altar of Jiyva.
  6417 | D:9      | 6417 ||| INVOKING Heroism.
  6474 | D:9      | 6474 ||| INVOKING Heroism.
  6706 | D:9      | Noticed Maurice
  6719 | D:9      | Paralysed by Maurice for 3 turns
  6724 | D:9      | Killed Maurice
  6745 | D:9      | 6745 ||| INVOKING Heroism.
  6790 | D:9      | 6790 ||| INVOKING Heroism.
  6806 | D:9      | 6806 ||| DRINKING potion of curing.
  6806 | D:9      | 6806 ||| (to cure confusion)
  6812 | D:9      | Reached skill level 13 in Ranged Weapons
  6814 | D:9      | 6814 ||| INVOKING Heroism.
  6914 | D:9      | 6914 ||| UPGRADING to +0 arbalest.
  6915 | D:9      | 6915 ||| DROPPING +1 orcbow.
  6925 | D:9      | Found a staircase to the Orcish Mines.
  7046 | D:9      | 7046 ||| INVOKING Heroism.
  7181 | D:9      | 7181 ||| INVOKING Heroism.
  7242 | D:9      | 7242 ||| UPGRADING to +1 cloak.
  7252 | D:9      | 7252 ||| DROPPING +0 cloak.
  7253 | D:9      | 7253 ||| UPGRADING to +0 pair of gloves.
  7282 | D:10     | Entered Level 10 of the Dungeon
  7282 | D:10     | Noticed a kobold demonologist
  7291 | D:10     | Noticed an orange demon
  7291 | D:10     | 7291 ||| STAIRDANCE
  7295 | D:9      | Reached XP level 11. HP: 57/69 MP: 14/14
  7296 | D:9      | 7296 ||| INVOKING Heroism.
  7303 | D:9      | Reached skill level 9 in Fighting
  7475 | D:10     | Noticed a two-headed ogre
  7476 | D:10     | 7476 ||| INVOKING Heroism.
  7482 | D:10     | Killed a two-headed ogre
  7712 | D:10     | Noticed a two-headed ogre
  7713 | D:10     | 7713 ||| INVOKING Heroism.
  7719 | D:10     | Killed a two-headed ogre
  7720 | D:10     | Noticed a two-headed ogre
  7724 | D:10     | Killed a two-headed ogre
  7725 | D:10     | Reached skill level 14 in Ranged Weapons
  7819 | D:10     | Found a broken altar of Ashenzari.
  7859 | D:10     | 7859 ||| Stepping ~*~*~tactically~*~*~ (outnumbered).
  7861 | D:10     | 7861 ||| Stepping ~*~*~tactically~*~*~ (outnumbered).
  7864 | D:10     | 7864 ||| Stepping ~*~*~tactically~*~*~ (outnumbered).
  7924 | D:10     | 7924 ||| INVOKING Heroism.
  8054 | D:10     | 8054 ||| Stepping ~*~*~tactically~*~*~ (outnumbered).
  8082 | D:10     | 8082 ||| DROPPING +0 ring mail.
  8083 | D:10     | 8083 ||| UPGRADING to +0 troll leather armour.
  8166 | D:11     | Found a staircase to the Lair.
  8171 | D:11     | 8171 ||| INVOKING Heroism.
  8188 | D:11     | Noticed a two-headed ogre
  8194 | D:11     | 8194 ||| INVOKING Heroism.
  8195 | D:11     | Killed a two-headed ogre
  8238 | D:11     | 8238 ||| INVOKING Heroism.
  8463 | D:11     | Noticed a boulder beetle
  8464 | D:11     | 8464 ||| INVOKING Heroism.
  8481 | D:11     | Killed a boulder beetle
  8481 | D:11     | Reached *** piety under Okawaru
  8664 | D:11     | Noticed a two-headed ogre
  8665 | D:11     | 8665 ||| INVOKING Heroism.
  8669 | D:11     | Killed a two-headed ogre
  8735 | D:11     | 8735 ||| PLANNING LAIR
  8783 | Lair:1   | Entered Level 1 of the Lair of Beasts
  8788 | Lair:1   | 8788 ||| READING scroll of enchant weapon.
  8788 | Lair:1   | 8788 ||| ENCHANTING +0 arbalest.
  8811 | Lair:1   | 8811 ||| INVOKING Heroism.
  8873 | Lair:1   | 8873 ||| INVOKING Heroism.
  8907 | Lair:1   | 8907 ||| INVOKING Heroism.
  8928 | Lair:1   | Reached skill level 15 in Ranged Weapons
  8928 | Lair:1   | Reached XP level 12. HP: 77/77 MP: 15/15
  8937 | Lair:1   | 8937 ||| INVOKING Heroism.
  8981 | Lair:1   | 8981 ||| INVOKING Heroism.
  8993 | Lair:1   | HP: 16/77 [elephant (11)]
  8994 | Lair:1   | 8994 ||| READING scroll of teleportation.
  9072 | Lair:1   | 9072 ||| INVOKING Heroism.
  9088 | Lair:1   | 9088 ||| INVOKING Heroism.
  9225 | Lair:1   | Reached **** piety under Okawaru
  9379 | Lair:1   | 9379 ||| Stepping ~*~*~tactically~*~*~ (outnumbered).
  9755 | Lair:1   | 9755 ||| UPGRADING to ring of see invisible.
  9756 | Lair:1   | 9756 ||| READING scroll labelled DUINEWUROPN.
  9757 | Lair:1   | 9757 ||| READING scroll labelled FARPHE IPHOXI.
  9757 | Lair:1   | Identified a scroll of acquirement
  9757 | Lair:1   | 9757 ||| ACQUIRING +3 pair of boots of the Poles {Int+3}
  9757 | Lair:1   | Acquired the +3 pair of boots of the Poles {Int+3}
  9759 | Lair:1   | 9759 ||| UPGRADING to +3 pair of boots of the Poles
                  | {Int+3}.
  9796 | Lair:2   | 9796 ||| INVOKING Heroism.
  9823 | Lair:2   | 9823 ||| FLEEEEING.
  9830 | Lair:2   | 9830 ||| INVOKING Heroism.
  9840 | Lair:2   | 9840 ||| INVOKING Heroism.
  9934 | Lair:2   | 9934 ||| READING scroll of enchant weapon.
  9934 | Lair:2   | 9934 ||| ENCHANTING +1 arbalest.
  9940 | Lair:2   | 9940 ||| INVOKING Heroism.
  9947 | Lair:2   | Reached skill level 6 in Invocations
 10009 | Lair:2   | Found a hole to the Spider Nest.
 10010 | Lair:2   | 10010 ||| INVOKING Heroism.
 10045 | Lair:2   | 10045 ||| INVOKING Heroism.
 10055 | Lair:2   | Reached skill level 16 in Ranged Weapons
 10292 | Lair:2   | Reached skill level 6 in Armour
 10457 | Lair:2   | 10457 ||| INVOKING Heroism.
 10556 | Lair:2   | Found a staircase to the Shoals.
 10703 | Lair:2   | 10703 ||| READING scroll labelled YNUNUC QEXO.
 10829 | Lair:3   | 10829 ||| STAIRDANCE
 10859 | Lair:3   | 10859 ||| STAIRDANCE
 10865 | Lair:2   | 10865 ||| INVOKING Heroism.
 10911 | Lair:3   | 10911 ||| STAIRDANCE
 10919 | Lair:2   | Reached XP level 13. HP: 63/83 MP: 17/19
 10923 | Lair:2   | 10923 ||| INVOKING Heroism.
 11279 | Lair:3   | 11279 ||| INVOKING Heroism.
 11361 | Lair:3   | 11361 ||| INVOKING Heroism.
 11669 | Lair:3   | 11669 ||| UPGRADING to ring of protection from cold.
 11715 | Lair:4   | 11715 ||| INVOKING Heroism.
 11719 | Lair:4   | Reached skill level 9 in Invocations
 11749 | Lair:4   | HP: 17/84 [komodo dragon (16)]
 11755 | Lair:4   | Slain by a komodo dragon

Levels and vault maps discovered:
D:1:      minmay_arrival_radiant_lines, layout_basic, serial_shops,
          nicolae_shop_just_a_little_nook, nrook_mini_vaults
D:2:      layout_loops_ring, serial_shops, shop, shop,
          nicolae_shop_hallway_stairs, shop_fountains, nicolae_shop_peninsula
D:3:      layout_rooms, mainiacjoe_overflow_boulevard,
          mainiacjoe_overflow_chevrons, chequers_ecumenical_altar_simple_redux
D:4:      layout_cave_pools, serial_shops, nicolae_shop_rolling_square
D:5:      layout_rooms, mainiacjoe_overflow_large_starburst, serial_shops, shop,
          shop, uniq_eustachio, uniq_grinder
D:6:      layout_loops_ring, fedhas_altar_3, minmay_temple_entry_glassed_door
D:7:      layout_basic
D:8:      layout_basic, mainiacjoe_overflow_brackets, serial_shops,
          nicolae_shop_behind_doors, patterned_corridor, uniq_grum
D:9:      layout_gridville, erik_orc_4, jiyva_altar_1, uniq_maurice
D:10:     layout_rooms, marbit_many_paths, nicolae_water_bricks
D:11:     layout_basic, lair_entry_dummy
Temple:   hellmonk_temple_two_chambers
Lair:1:   layout_roguey
Lair:2:   layout_regular_city, minmay_shoals_entry_lonely_mermaid,
          spider_nest_entry_rubble, serial_bayou_lagoon_b
Lair:3:   layout_chaotic_city, chequers_serial_rivers_micro_d,
          grunt_megastairs_2
Lair:4:   layout_regular_city, cheibrodos_lair_caveside_slide,
          infiniplex_staircase_pool, grunt_megastairs_1

Skill      XL: |  1  2  3  4  5  6  7  8  9 10 11 12 13 |
---------------+----------------------------------------+-----
Ranged Weapons | 5 6 7 8 10 11 13 15 16 | 16.3
Fighting       | 3 4 5 6 8 10 11 | 11.0
Armour         | 1 2 3 4 6 |  6.0
Dodging        | 2 3 4 5 |  5.2
Invocations    | 2 4 8 9 |  9.2
Stealth        | |  1.1

Action                     |  1- 3 |  4- 6 |  7- 9 | 10-12 | 13-15 || total
---------------------------+-------+-------+-------+-------+-------++-------
  Melee: Unarmed           |       |       |    33 |       |       ||    33
   Fire: Shortbow          |   106 |   181 |   387 |       |       ||   674
         Orcbow            |       |       |   163 |   244 |       ||   407
         Arbalest          |       |       |       |   491 |   104 ||   595
 Invoke: Heroism           |       |       |     2 |    37 |     4 ||    43
    Use: Scroll            |     1 |     5 |    13 |    10 |       ||    29
         Potion            |       |     2 |     5 |     2 |       ||     9
 Armour: Leather armour    |    24 |     3 |       |       |       ||    27
         Ring mail         |       |    51 |   225 |    14 |       ||   290
         Robe              |       |       |       |    77 |       ||    77
         Troll leather arm |       |       |       |   172 |    53 ||   225
  Dodge: Dodged            |    40 |    64 |   287 |   465 |    48 ||   904

Table legend:
 A = Non-vault XP
 B = Vault XP
 C = Vault XP percentage of total XP
 D = Non-vault monster count
 E = Vault monster count
 F = Vault count percentage of total count
                 A         B        C        D         E       F
            +---------+---------+-------+---------+---------+-------
      Total |   30396 |    7315 |  19.4 |     291 |      42 |  12.6
            +---------+---------+-------+---------+---------+-------
        D:1 |      31 |       0 |   0.0 |      18 |       0 |   0.0
        D:2 |     115 |       0 |   0.0 |      24 |       0 |   0.0
        D:3 |      47 |       0 |   0.0 |      13 |       0 |   0.0
        D:4 |     230 |       0 |   0.0 |      13 |       0 |   0.0
        D:5 |     826 |     512 |  38.3 |      14 |       2 |  12.5
        D:6 |    1010 |       0 |   0.0 |      25 |       0 |   0.0
        D:7 |     777 |       0 |   0.0 |      12 |       0 |   0.0
        D:8 |    1922 |     549 |  22.2 |      27 |       4 |  12.9
        D:9 |    2528 |    1095 |  30.2 |      37 |      20 |  35.1
       D:10 |    2684 |     819 |  23.4 |      23 |       1 |   4.2
       D:11 |    3620 |       0 |   0.0 |      16 |       0 |   0.0
     Lair:1 |    7276 |       0 |   0.0 |      28 |       0 |   0.0
     Lair:2 |    5494 |    3082 |  35.9 |      23 |      12 |  34.3
     Lair:3 |    2561 |     402 |  13.6 |      13 |       2 |  13.3
     Lair:4 |    1275 |     856 |  40.2 |       5 |       1 |  16.7
            +---------+---------+-------+---------+---------+-------
